 Dungeon Crawl Stone Soup version 0.29.0-4-gdea44cf6ec (webtiles) character file.

Game seed: 11793878597002163872

4428 qw the Blocker (level 10, -22/83 HPs)
             Began as a Minotaur Berserker on Sept 9, 2022.
             Was an Elder of Trog.
             Annihilated by a komodo dragon (25 damage)
             ... on level 1 of the Lair of Beasts.
             The game lasted 00:02:49 (9259 turns).

qw the Blocker (Minotaur Berserker)                 Turns: 9259, Time: 00:02:49

Health: -22/83     AC: 15    Str: 26    XL:     10   Next: 14%
Magic:  9/9        EV:  5    Int:  4    God:    Trog [****..]
Gold:   744        SH: 16    Dex: 10    Spells: 9/9 levels left

rFire   . . .      SeeInvis .   Y - +0 war axe
rCold   . . .      Faith    .   k - +0 tower shield
rNeg    . . .      Spirit   .   i - +0 plate armour
rPois   .          Reflect  .   (helmet restricted)
rElec   .          Harm     .   b - scarf {repulsion}
rCorr   .          Rampage  .   (no gloves)
Will    +....                   d - +2 pair of boots
Stlth   ..........              (no amulet)
HPRegen 0.23/turn               j - ring of willpower
MPRegen 0.11/turn               (no ring)

@: about to teleport, on berserk cooldown, slowed, repel missiles, very slow
A: horns 2, retaliatory headbutt
a: Renounce Religion, Berserk, Trog's Hand, Brothers in Arms


You were on level 1 of the Lair of Beasts.
You worshipped Trog.
Trog was greatly pleased with you.
You visited 2 branches of the dungeon, and saw 9 of its levels.

You collected 744 gold pieces.


Innate Abilities, Weirdness & Mutations

You have a pair of horns on your head.
You reflexively headbutt those who attack you in melee.


   Skills:
 - Level 6.0 Fighting
 + Level 11.4 Axes
 - Level 1.3 Throwing
 - Level 5.2 Armour
 - Level 2.1 Dodging
 - Level 12.0 Shields


You had 9 spell levels left.
You didn't know any spells.
Your spell library was empty.

Inventory:

Hand Weapons
 h - a +1 flail of holy wrath
 Y - a +0 war axe (weapon)
Missiles
 a - 2 boomerangs (quivered)
Armour
 b - a scarf of repulsion (worn)
 d - a +2 pair of boots (worn)
 i - a +0 plate armour (worn)
 k - a +0 tower shield (worn)
Jewellery
 j - a ring of willpower (left hand)
Scrolls
 f - 2 scrolls of teleportation
 l - 2 scrolls of identify
Potions
 e - a potion of resistance
 g - a potion of curing
 m - a potion of might
 o - a potion of haste
 q - a potion of heal wounds

Dungeon Overview and Level Annotations

Branches:
Dungeon (8/15)             Temple (0/1) D:7            Lair (1/5) D:8

Altars:
Ashenzari
Makhleb
Nemelex Xobeh
Xom


Message History

You hit the yak.
You kill the yak!
Trog accepts your kill.
You closely miss the yak. You block the yak's attack.
You slash the yak!
The yak is heavily wounded.
You slash the yak! You block the yak's attack.
The yak gores you but does no damage. The yak gores you.
You block the yak's attack.
You slash the yak!
The yak is almost dead.
You slash the yak! You block the yak's attack. The yak barely misses you.
You hit the yak but do no damage.
The yak is almost dead.
You slash the yak! The yak barely misses you. You block the yak's attack.
The yak gores you but does no damage. You block the yak's attack.
You slash the yak!
You kill the yak!
Trog accepts your kill.
You slash the yak! You block the yak's attack.
Your Shields skill increases to level 12!
You completely miss the yak.
The yak is almost dead.
You barely miss the komodo dragon. You block the komodo dragon's attack.
You block the yak's attack. The komodo dragon bites you! The yak gores you!
You hit the yak but do no damage. You headbutt the yak.
You kill the yak!
Trog accepts your kill.
You hit the komodo dragon. The komodo dragon bites you!!
The komodo dragon bites you!
9259 ||| READING 3 scrolls of teleportation.
As you read the scroll of teleportation, it crumbles to dust.
You feel strangely unstable. The komodo dragon bites you!!
You die...

...8. .....#
.8....# ##
.....#. ..YY..
##
#YYY######+#P.
#l8..........
#%@...........
##%#..........
#.##.........#
#............#
#..+.........#
####.........#
##.....!...
#..........
###.#.#######


You could see a komodo dragon and 5 yaks.

Vanquished Creatures
  A komodo dragon (Lair:1)
  A basilisk (Lair:1)
  5 yaks (Lair:1)
  A wyvern (D:8)
  Eustachio (D:5)
  2 water moccasins (Lair:1)
  An ice beast (D:6)
  2 orc warriors (D:8)
  An ogre (D:7)
  2 black bears (D:5)
  A centaur (D:7)
  2 phantoms
  3 bullfrogs
  A gnoll sergeant (D:5)
  2 necrophages
  4 scorpions
  4 wights (D:7)
  3 killer bees (D:8)
  2 howler monkeys (D:7)
  3 jellies
  6 orc priests
  A gnoll bouda (D:5)
  5 hounds
  5 iguanas
  3 orc wizards
  Natasha (thrice) (D:2)
  8 gnolls (D:5)
  9 adders
  2 white imps
  2 worms
  2 dart slugs (D:4)
  46 orcs
  2 ball pythons
  5 bats
  8 endoplasms
  11 goblins
  10 hobgoblins
  6 jackals
  6 kobolds
  A quokka (D:3)
  5 frilled lizards
  10 rats
198 creatures vanquished.

Vanquished Creatures (others)
  A fungus (Lair:1)
1 creature vanquished.

Grand Total: 199 creatures vanquished

Notes
Turn   | Place    | Note
-------+----------+-------------------------------------------
     0 | D:1      | qw the Minotaur Berserker began the quest for the Orb.
     0 | D:1      | Reached XP level 1. HP: 19/19 MP: 0/0
     0 | D:1      | 0 ||| qw: Version: 0.1-a-113-g051387a
     0 | D:1      | 0 ||| qw: Game counter: 7142
     0 | D:1      | 0 ||| qw: Always use a shield: true
     0 | D:1      | 0 ||| qw: Do Orc after D:15 true
     0 | D:1      | 0 ||| qw: Do second Lair branch before Depths: true
     0 | D:1      | 0 ||| qw: Lair rune preference: random
     0 | D:1      | 0 ||| qw: Plans: Normal
     0 | D:1      | 0 ||| PLANNING D:1-11
   120 | D:1      | 120 ||| Stepping ~*~*~tactically~*~*~ (stealth).
   319 | D:1      | Reached XP level 2. HP: 23/26 MP: 1/1
   399 | D:1      | 399 ||| Stepping ~*~*~tactically~*~*~ (stealth).
   473 | D:1      | 473 ||| DROPPING +0 club.
   729 | D:1      | Reached ** piety under Trog
   730 | D:1      | Reached XP level 3. HP: 23/31 MP: 2/2
  1363 | D:1      | 1363 ||| UPGRADING to +0 chain mail.
  1373 | D:1      | 1373 ||| DROPPING +0 animal skin.
  1374 | D:1      | 1374 ||| UPGRADING to ring of willpower.
  1375 | D:1      | 1375 ||| READING scroll labelled ASAWKO WOINGI.
  1376 | D:1      | 1376 ||| READING scroll labelled TUNASCH PONYT.
  1377 | D:1      | 1377 ||| READING scroll labelled HUMOUN GIUCK.
  1378 | D:1      | 1378 ||| READING 3 scrolls labelled HELUAL NOWKAO.
  1379 | D:1      | 1379 ||| READING scroll labelled SUURABR KARAFAC.
  1383 | D:1      | 1383 ||| DROPPING 2 scrolls of vulnerability.
  1422 | D:2      | Noticed Natasha
  1423 | D:2      | 1423 ||| Stepping ~*~*~tactically~*~*~ (hiding).
  1427 | D:2      | 1427 ||| INVOKING Berserk.
  1429 | D:2      | Killed Natasha
  1720 | D:2      | Reached skill level 6 in Axes
  1720 | D:2      | Reached XP level 4. HP: 36/39 MP: 3/3
  1960 | D:2      | Found a faded altar of an unknown god.
  1999 | D:2      | Noticed Natasha
  2003 | D:2      | 2003 ||| INVOKING Berserk.
  2007 | D:2      | Killed Natasha
  2403 | D:2      | Noticed Natasha
  2407 | D:2      | 2407 ||| INVOKING Berserk.
  2414 | D:2      | Killed Natasha
  2415 | D:2      | Reached XP level 5. HP: 45/45 MP: 4/4
  2723 | D:2      | 2723 ||| UPGRADING to +0 plate armour.
  2733 | D:2      | 2733 ||| DROPPING +0 chain mail.
  2734 | D:2      | 2734 ||| DROPPING amulet of faith.
  2735 | D:2      | 2735 ||| READING scroll labelled GUDUKLY ITEAHINT.
  2736 | D:2      | 2736 ||| READING scroll labelled LIENIA VUTI.
  2873 | D:2      | 2873 ||| DRINKING 2 grey potions.
  2874 | D:2      | 2874 ||| DRINKING 2 dark potions.
  2875 | D:2      | 2875 ||| DROPPING potion of attraction.
  3018 | D:3      | 3018 ||| Stepping ~*~*~tactically~*~*~ (hiding).
  3027 | D:3      | Reached skill level 3 in Armour
  3043 | D:3      | 3043 ||| SWAPPING to +0 war axe.
  3044 | D:3      | 3044 ||| DROPPING +0 hand axe.
  3053 | D:3      | 3053 ||| INVOKING Berserk.
  3068 | D:3      | 3068 ||| Stepping ~*~*~tactically~*~*~ (stealth).
  3069 | D:3      | 3069 ||| Stepping ~*~*~tactically~*~*~ (stealth).
  3148 | D:3      | 3148 ||| Stepping ~*~*~tactically~*~*~ (stealth).
  3277 | D:3      | 3277 ||| Stepping ~*~*~tactically~*~*~ (hiding).
  3284 | D:3      | 3284 ||| INVOKING Berserk.
  3515 | D:3      | 3515 ||| INVOKING Berserk.
  3523 | D:3      | Reached XP level 6. HP: 52/52 MP: 5/5
  3655 | D:3      | 3655 ||| DROPPING +0 mace.
  3728 | D:3      | 3728 ||| DROPPING scarf of harm.
  3729 | D:3      | 3729 ||| UPGRADING to +0 tower shield.
  3734 | D:3      | 3734 ||| READING scroll labelled BIOVUIDE ODITO.
  3735 | D:3      | 3735 ||| READING 2 scrolls of identify.
  3735 | D:3      | 3735 ||| IDENTIFYING sedimented pink potion
  3736 | D:3      | 3736 ||| DROPPING potion of flight.
  4126 | D:4      | Reached skill level 1 in Shields
  4464 | D:4      | Reached skill level 2 in Shields
  4581 | D:4      | Reached skill level 3 in Shields
  4636 | D:4      | Reached skill level 4 in Shields
  4779 | D:4      | Reached XP level 7. HP: 52/59 MP: 6/6
  4834 | D:4      | 4834 ||| UPGRADING to scarf of repulsion.
  4839 | D:4      | 4839 ||| READING 3 scrolls of identify.
  4839 | D:4      | 4839 ||| IDENTIFYING sedimented coppery potion
  4840 | D:4      | 4840 ||| READING 2 scrolls of identify.
  4840 | D:4      | 4840 ||| IDENTIFYING purple potion
  4841 | D:4      | 4841 ||| DROPPING potion of brilliance.
  4892 | D:5      | Entered Level 5 of the Dungeon
  4977 | D:5      | 4977 ||| INVOKING Berserk.
  4980 | D:5      | Reached skill level 5 in Shields
  5099 | D:5      | 5099 ||| INVOKING Berserk.
  5107 | D:5      | Reached skill level 6 in Shields
  5268 | D:5      | Noticed Eustachio
  5272 | D:5      | 5272 ||| INVOKING Berserk.
  5279 | D:5      | Killed Eustachio
  5280 | D:5      | Reached skill level 7 in Shields
  5436 | D:5      | Found a sparkling altar of Nemelex Xobeh.
  5468 | D:5      | 5468 ||| Stepping ~*~*~tactically~*~*~ (stealth).
  5470 | D:5      | 5470 ||| Stepping ~*~*~tactically~*~*~ (hiding).
  5474 | D:5      | 5474 ||| INVOKING Berserk.
  5481 | D:5      | Reached XP level 8. HP: 66/66 MP: 7/7
  5485 | D:5      | Reached skill level 8 in Shields
  5535 | D:5      | 5535 ||| Stepping ~*~*~tactically~*~*~ (stealth).
  5537 | D:5      | 5537 ||| Stepping ~*~*~tactically~*~*~ (hiding).
  5550 | D:5      | 5550 ||| INVOKING Berserk.
  5552 | D:5      | HP: 23/99 [poisoned by a gnoll sergeant]
  5556 | D:5      | HP: 11/99 [poisoned by a gnoll sergeant]
  5561 | D:5      | 5561 ||| DRINKING 2 potions of curing.
  5561 | D:5      | 5561 ||| (to cure poison)
  5949 | D:5      | Found a burning altar of Makhleb.
  5949 | D:5      | Found a broken altar of Ashenzari.
  6087 | D:5      | Reached skill level 9 in Shields
  6180 | D:5      | 6180 ||| UPGRADING to +2 pair of boots.
  6185 | D:5      | 6185 ||| READING scroll labelled OGA QITUEDAAGGIUM.
  6186 | D:5      | 6186 ||| READING 4 scrolls of identify.
  6186 | D:5      | 6186 ||| IDENTIFYING brown potion
  6187 | D:5      | 6187 ||| READING 3 scrolls of identify.
  6187 | D:5      | 6187 ||| IDENTIFYING clear potion
  6188 | D:5      | 6188 ||| DROPPING potion of ambrosia.
  6217 | D:6      | Reached *** piety under Trog
  6235 | D:6      | 6235 ||| Stepping ~*~*~tactically~*~*~ (stealth).
  6464 | D:6      | 6464 ||| INVOKING Berserk.
  6600 | D:6      | Reached skill level 9 in Axes
  6705 | D:6      | Found a shimmering altar of Xom.
  6859 | D:6      | Reached skill level 10 in Shields
  6944 | D:7      | 6944 ||| INVOKING Berserk.
  7161 | D:7      | 7161 ||| Stepping ~*~*~tactically~*~*~ (hiding).
  7355 | D:7      | Reached XP level 9. HP: 72/72 MP: 8/8
  7375 | D:7      | 7375 ||| Stepping ~*~*~tactically~*~*~ (hiding).
  7404 | D:7      | 7404 ||| Stepping ~*~*~tactically~*~*~ (stealth).
  7421 | D:7      | Found a staircase to the Ecumenical Temple.
  7426 | D:7      | 7426 ||| Stepping ~*~*~tactically~*~*~ (stealth).
  7427 | D:7      | 7427 ||| Stepping ~*~*~tactically~*~*~ (stealth).
  7432 | D:7      | 7432 ||| INVOKING Berserk.
  7499 | D:7      | Identified the +9 falchion of qw's Pain and Death {drain,
                  | Int+2 Dex-5 SInv Stlth+}
  7982 | D:7      | Reached skill level 1 in Throwing
  8013 | D:7      | 8013 ||| READING 3 scrolls labelled WEAME HIFFEFY.
  8114 | D:7      | 8114 ||| READING scroll labelled CUAVUK KIYTE.
  8115 | D:7      | 8115 ||| READING scroll labelled EHANAE QOIMO.
  8116 | D:7      | 8116 ||| READING 3 scrolls of identify.
  8116 | D:7      | 8116 ||| IDENTIFYING bubbling clear potion
  8117 | D:7      | 8117 ||| DROPPING 2 scrolls of silence.
  8140 | D:8      | 8140 ||| PLANNING OSSUARY
  8140 | D:8      | 8140 ||| Stepping ~*~*~tactically~*~*~ (hiding).
  8161 | D:8      | 8161 ||| Stepping ~*~*~tactically~*~*~ (stealth).
  8162 | D:8      | 8162 ||| Stepping ~*~*~tactically~*~*~ (stealth).
  8163 | D:8      | 8163 ||| Stepping ~*~*~tactically~*~*~ (stealth).
  8172 | D:8      | 8172 ||| INVOKING Berserk.
  8178 | D:8      | Reached skill level 11 in Shields
  8401 | D:8      | 8401 ||| FLEEEEING.
  8402 | D:8      | 8402 ||| FLEEEEING.
  8403 | D:8      | 8403 ||| FLEEEEING.
  8404 | D:8      | 8404 ||| FLEEEEING.
  8405 | D:8      | 8405 ||| FLEEEEING.
  8406 | D:8      | 8406 ||| STAIRDANCE
  8479 | D:8      | 8479 ||| INVOKING Berserk.
  8590 | D:8      | 8590 ||| Stepping ~*~*~tactically~*~*~ (hiding).
  8591 | D:8      | 8591 ||| Stepping ~*~*~tactically~*~*~ (hiding).
  8594 | D:8      | 8594 ||| Stepping ~*~*~tactically~*~*~ (hiding).
  8736 | D:8      | 8736 ||| Stepping ~*~*~tactically~*~*~ (hiding).
  8752 | D:8      | 8752 ||| Stepping ~*~*~tactically~*~*~ (stealth).
  8757 | D:8      | 8757 ||| INVOKING Berserk.
  8779 | D:8      | Reached skill level 6 in Fighting
  8780 | D:8      | Reached **** piety under Trog
  8786 | D:8      | 8786 ||| Stepping ~*~*~tactically~*~*~ (stealth).
  8839 | D:8      | 8839 ||| DROPPING +0 flail.
  8844 | D:8      | 8844 ||| Stepping ~*~*~tactically~*~*~ (stealth).
  8847 | D:8      | 8847 ||| Stepping ~*~*~tactically~*~*~ (stealth).
  8848 | D:8      | 8848 ||| Stepping ~*~*~tactically~*~*~ (stealth).
  8851 | D:8      | 8851 ||| Stepping ~*~*~tactically~*~*~ (hiding).
  8854 | D:8      | 8854 ||| INVOKING Berserk.
  9000 | D:8      | Found a staircase to the Lair.
  9001 | D:8      | 9001 ||| RIP OSSUARY
  9001 | D:8      | 9001 ||| PLANNING LAIR
  9007 | Lair:1   | Entered Level 1 of the Lair of Beasts
  9017 | Lair:1   | 9017 ||| INVOKING Berserk.
  9219 | Lair:1   | Noticed a komodo dragon
  9221 | Lair:1   | 9221 ||| Stepping ~*~*~tactically~*~*~ (stealth).
  9227 | Lair:1   | 9227 ||| Stepping ~*~*~tactically~*~*~ (stealth).
  9228 | Lair:1   | 9228 ||| INVOKING Berserk.
  9231 | Lair:1   | Killed a komodo dragon
  9242 | Lair:1   | Reached XP level 10. HP: 83/83 MP: 9/9
  9257 | Lair:1   | Reached skill level 12 in Shields
  9258 | Lair:1   | HP: 20/83 [komodo dragon (19)]
  9258 | Lair:1   | HP: 3/83 [komodo dragon (17)]
  9259 | Lair:1   | 9259 ||| READING 3 scrolls of teleportation.
  9259 | Lair:1   | Annihilated by a komodo dragon

Levels and vault maps discovered:
D:1:      dpeg_arrival_erosion, layout_basic, minmay_pentomino_o2
D:2:      layout_basic, hellmonk_ecumenical_altar_run_dry, uniq_natasha
D:3:      layout_basic
D:4:      minmay_polygon_palace, layout_loops_ring, hangedman_decor_lopped,
          chequers_garden
D:5:      minmay_spotlight, layout_gridville, gammafunk_temple_overflow_pools,
          nemelex_xobeh_ov_fountains_minmay, lemuel_old_faithful, uniq_eustachio
D:6:      layout_loops_ring, xom_teletrap_fun
D:7:      layout_loops_ring, minmay_temple_entry_arrows
D:8:      layout_rooms, lair_entry_dummy, enter_bailey_3, special_room
          [special_room_orc], enter_ossuary_2, minivault_14, bh_walls_and_bars
Lair:1:   layout_roguey, beast_lair_carwin_10, grunt_megastairs_4,
          lemuel_fruit_fields, serial_bayou_shore_b, uniq_gastronok

Skill      XL: |  1  2  3  4  5  6  7  8  9 10 |
---------------+-------------------------------+-----
Axes           | 4 5 6 7 9 11 | 11.4
Armour         | 3 4 5 |  5.2
Fighting       | 4 6 |  6.0
Shields        | 4 7 10 11 12 | 12.0
Throwing       | 1 |  1.3
Dodging        | |  2.1

Action                   |  1- 3 |  4- 6 |  7- 9 | 10-12 || total
-------------------------+-------+-------+-------+-------++-------
Melee: Hand axe          |    67 |    55 |       |       ||   122
       Headbutt          |    15 |    19 |    48 |     3 ||    85
       War axe           |       |    87 |   250 |    16 ||   353
Throw: Boomerang         |       |    19 |    40 |       ||    59
Invok: Berserk           |     1 |     5 |    14 |       ||    20
  Use: Scroll            |     5 |     4 |     9 |     1 ||    19
       Potion            |       |     2 |     1 |       ||     3
Armor: Animal skin       |     8 |       |       |       ||     8
       Chain mail        |     3 |     7 |       |       ||    10
       Plate armour      |       |    53 |   113 |     7 ||   173
Dodge: Dodged            |    34 |    38 |    41 |     5 ||   118
Block: Tower shield      |       |    30 |   213 |    16 ||   259

Table legend:
 A = Non-vault XP
 B = Vault XP
 C = Vault XP percentage of total XP
 D = Non-vault monster count
 E = Vault monster count
 F = Vault count percentage of total count
                 A         B        C        D         E       F
            +---------+---------+-------+---------+---------+-------
      Total |    4753 |    1573 |  24.9 |     150 |      48 |  24.2
            +---------+---------+-------+---------+---------+-------
        D:1 |      48 |       2 |   4.0 |      30 |       1 |   3.2
        D:2 |     119 |      33 |  21.7 |      17 |       1 |   5.6
        D:3 |     231 |       0 |   0.0 |      28 |       0 |   0.0
        D:4 |      73 |     261 |  78.1 |       6 |      16 |  72.7
        D:5 |     865 |     284 |  24.7 |      20 |       3 |  13.0
        D:6 |     553 |       0 |   0.0 |      10 |       0 |   0.0
        D:7 |     894 |       0 |   0.0 |      17 |       0 |   0.0
        D:8 |     785 |     240 |  23.4 |      15 |      24 |  61.5
     Lair:1 |    1185 |     753 |  38.9 |       7 |       3 |  30.0
            +---------+---------+-------+---------+---------+-------
